cohdb
Replays
Latest Replays
All Replays
Popular Replays
Top Player Replays
Match Explorer
How It Works
Community
CoH3 Stats
Reddit
Sign in to upload your games and track your stats! →
Sign in with Steam
Match 45939702
Unlisted
Match 45939702
Overview
Messages
Build Orders
End
Royal Engineer Section
Construct Section Command Post
Infantry Section
Dingo Light Scout Car
Infantry Section
Construct Platoon Command Post
Humber Armored Car
Selects Heavy Armor Battlegroup
Selects Rigorous Vehicle Training
Infantry Training
Grenade Package
Infantry Section
Construct Field Infirmary
ML 3-inch Mortar Team
Infantry Section
Infantry Section
Infantry Section
Construct Company Command Post
6-pounder Anti-tank Gun Team
Selects Forward Repair Assembly
Selects UNKNOWN (2162094)
Selects Forward Repair Assembly
Selects UNKNOWN (2162094)
Churchill IV Heavy Tank
desertBeliever
Nämen Hej!
0
0
Comments
sign in to comment!
No comments posted yet!